 Dungeon Crawl Stone Soup version 0.30-a0-354-g6b83867211 (webtiles) character file.

Game seed: 8517236312860735912

588 koil the Sneak (level 7, 0/34 HPs)
             Began as a Spriggan Enchanter on Nov 8, 2022.
             Slain by Cancer's ghost (8 damage)
             ... on level 4 of the Dungeon.
             The game lasted 00:13:53 (4622 turns).

koil the Sneak (Spriggan Enchanter)                 Turns: 4622, Time: 00:13:54

Health: 0/34       AC:  2    Str:  4    XL:     7   Next: 15%
Magic:  9/14       EV: 18    Int: 19    God:
Gold:   195        SH:  0    Dex: 15    Spells: 6/14 levels left

rFire   + . .      SeeInvis +    d - +0 dagger (speed)
rCold   x . .      Faith    .    (no shield)
rNeg    . . .      Spirit   .    w - +0 robe
rPois   .          Reflect  .    (helmet restricted)
rElec   .          Harm     .    (no cloak)
rCorr   .          Rampage  .    (gloves unavailable)
Will    +....                    (boots unavailable)
Stlth   +++.......               (no amulet)
HPRegen 0.25/turn                k - ring of fire
MPRegen 0.14/turn                (no ring)

@: confusing by touch, very quick
A: very small, no large weapons, unfitting armour, see invisible, speed 3
a: no special abilities


You were on level 4 of the Dungeon.
You visited 1 branch of the dungeon, and saw 4 of its levels.

You collected 195 gold pieces.

Inventory:

Hand Weapons
 a - a +1 dagger
 d - a +0 dagger of speed (weapon)
Armour
 b - a +0 robe
 f - a +0 robe
 j - an orb of guile
 q - a +0 robe
 w - a +0 robe (worn)
 G - a +2 buckler
Jewellery
 k - a ring of fire (left hand)
Wands
 t - a wand of polymorph (12)
 u - a wand of mindburst (17)
 C - a wand of flame (22)
Scrolls
 e - 3 scrolls of identify {unknown}
 l - a scroll of noise {unknown}
 o - a scroll of amnesia {unknown}
 p - 2 scrolls of teleportation {unknown}
 s - 2 scrolls of vulnerability {unknown}
 x - 2 scrolls of fear {unknown}
 y - 2 scrolls of blinking {unknown}
 z - 2 scrolls of immolation {unknown}
 A - a scroll of acquirement {unknown}
 E - a scroll of poison {unknown}
Potions
 c - 2 potions of invisibility
 g - a potion of haste {unknown}
 h - 3 potions of attraction {unknown}
 i - 3 potions of curing {unknown}
 m - a potion of brilliance {unknown}
 n - a potion of heal wounds {unknown}
 r - a potion of degeneration {unknown}
 v - a potion of might {unknown}
 B - a potion of cancellation {unknown}
 D - a potion of mutation {unknown}
 F - a potion of lignification {unknown}


   Skills:
 + Level 1.8 Fighting
 + Level 3.0 Short Blades
 + Level 4.2 Dodging
 + Level 6.1 Stealth
 + Level 4.2 Spellcasting
 + Level 2.1 Conjurations
 + Level 4.8 Hexes
 + Level 2.7 Transmutations


You had 6 spell levels left.
You knew the following spells:

 Your Spells              Type           Power      Damage    Failure   Level
a - Ensorcelled Hibernat  Hex/Ice        26%        N/A       8%          2
b - Confusing Touch       Hex            22%        N/A       5%          3
c - Dazzling Flash        Conj/Hex       34%        N/A       10%         3

Your spell library contained the following spells:

 Spells                   Type           Power      Damage    Failure   Level
 Tukima's Dance           Hex            22%        N/A       5%          3
 Spider Form              Tmut/Pois      9%         N/A       22%         3
 Gell's Gravitas          Tloc           4%         N/A       38%         3
 Lesser Beckoning         Tloc           8%         N/A       38%         3
 Teleport Other           Tloc           4%         N/A       38%         3
 Vhi's Electric Charge    Tloc/Air       8%         N/A       38%         3
 Anguish                  Hex/Necr       6%         N/A       43%         4
 Arcjolt                  Conj/Air       4%         1d14      94%         5
 Maxwell's Capacitive Co  Air            2%         ∞         100%        8


Dungeon Overview and Level Annotations

Branches:
Dungeon (4/15)
 Temple: D:4-7

Altars:
Qazlal
Trog
Zin
The Shining One

Annotations:
D:4 Cancer's ghost, amateur GrEE


Innate Abilities, Weirdness & Mutations

You are very small and have problems with some larger weapons.
You are too small for most types of armour.
You have supernaturally acute eyesight. (SInv)
You cover ground extremely quickly. (Speed+++)


Message History

You kill the gnoll sergeant!
Your Short Blades skill increases to level 3!
Your Stealth skill increases to level 6!
Casting: Ensorcelled Hibernation (safe; 8% risk of failure)
Confirm with . or Enter, or press ? or * to list all spells.
You miscast Confusing Touch.
You are very lightly contaminated with residual magic.
Nothing appears to happen.
Cancer's ghost turns its malevolent gaze towards you.
Cancer's ghost hits you but does no damage.
Items here: ) [[ †.
You hit Cancer's ghost but do no damage.
You hit Cancer's ghost but do no damage.
Cancer's ghost points at you and mumbles some strange words.
The blast of sand hits you!
You hit Cancer's ghost but do no damage.
Your punch misses Cancer's ghost.
You hit Cancer's ghost but do no damage.
Cancer's ghost gestures at you while chanting.
The blast of sand hits you!
* * * LOW HITPOINT WARNING * * *
Your magical contamination has completely faded away.
You start resting.
Cancer's ghost is nearby!
You start resting.
Cancer's ghost is nearby!
You start resting.
Cancer's ghost is nearby!
Casting: Confusing Touch (dangerous; 5% risk of failure)
Confirm with . or Enter, or press ? or * to list all spells.
Your hands begin to glow red.
Cancer's ghost casts a spell at you. The stone arrow hits you!
* * * LOW HITPOINT WARNING * * *
Cancer's ghost hits you.
* * * LOW HITPOINT WARNING * * *
x2 You hit Cancer's ghost but do no damage.
You hit Cancer's ghost but do no damage.
Cancer's ghost hits you!
You die...

...##.###.........#..........###.
......##..........#.........## ##
.......#..........##.#....###
..#.........................##
..#......#....#..............#
.....##..#...###..##........##
..............#......#...##..#
..............#..#...#..##...#
............#..W@....#####..##
#.#........##)...##..# ####
##.........##...######
###.......##...# #..###..###.##
##.# #### ### ###


You could see Cancer's ghost.

Vanquished Creatures
  Sigmund (D:3)
  A gnoll sergeant (D:4)
  A scorpion (D:4)
  A hound (D:4)
  A jelly (D:4)
  5 gnolls
  9 adders
  3 worms (D:2)
  A dart slug (D:1)
  3 orcs
  5 bats
  9 endoplasms
  5 giant cockroaches
  13 goblins
  14 hobgoblins
  9 jackals
  2 quokkas (D:2)
  6 ball pythons
  3 frilled lizards
  8 kobolds
  10 rats
110 creatures vanquished.

Vanquished Creatures (others)
  6 plants (D:3)
6 creatures vanquished.

Grand Total: 116 creatures vanquished

Notes
Turn   | Place    | Note
-------+----------+-------------------------------------------
     0 | D:1      | koil the Spriggan Enchanter began the quest for the Orb.
     0 | D:1      | Reached XP level 1. HP: 9/9 MP: 5/5
    86 | D:1      | Reached XP level 2. HP: 13/13 MP: 6/6
    89 | D:1      | Learned a level 2 spell: Ensorcelled Hibernation
   348 | D:1      | Reached XP level 3. HP: 17/17 MP: 8/8
   411 | D:1      | Learned a level 3 spell: Confusing Touch
   483 | D:1      | Reached skill level 5 in Stealth
   792 | D:1      | Learned a level 3 spell: Dazzling Flash
   894 | D:2      | Reached XP level 4. HP: 21/21 MP: 9/9
  1035 | D:2      | Reached skill level 1 in Fighting
  1079 | D:2      | Reached skill level 1 in Transmutations
  2534 | D:3      | Found a glowing golden altar of the Shining One.
  2845 | D:3      | Noticed Sigmund
  2949 | D:3      | Killed Sigmund
  2950 | D:3      | Reached skill level 1 in Conjurations
  2950 | D:3      | Reached XP level 5. HP: 3/25 MP: 8/11
  2950 | D:3      | Reached XP level 6. HP: 4/30 MP: 8/12
  3096 | D:3      | Found a stormy altar of Qazlal.
  3403 | D:3      | Found a bloodstained altar of Trog.
  3744 | D:4      | Found a runed translucent gate.
  3744 | D:4      | Found a runed translucent gate.
  3744 | D:4      | Found a runed translucent gate.
  3744 | D:4      | Noticed Cancer's ghost (amateur GrEE)
  4380 | D:4      | Found a glowing silver altar of Zin.
  4380 | D:4      | Noticed an angel
  4520 | D:4      | Reached XP level 7. HP: 34/34 MP: 9/14
  4529 | D:4      | Reached skill level 6 in Stealth
  4622 | D:4      | Slain by Cancer's ghost

Illustrated notes

Levels and vault maps discovered:
D:1:      dpeg_arrival_rooms_b, layout_basic
D:2:      layout_basic, st_stairs_9, minmay_vboxes
D:3:      layout_basic, mainiacjoe_overflow_cross_hatched,
          mainiacjoe_overflow_surrounded_room, lemuel_round_altar, uniq_sigmund
D:4:      minmay_chambers_of_threes, layout_cave_pools, zin_angel,
          gammafunk_ghost_split

Skill      XL: |  1  2  3  4  5  6  7 |
---------------+----------------------+-----
Spellcasting   | 3 4 |  4.2
Dodging        | 3 4 |  4.2
Stealth        | 5 6 |  6.1
Hexes          | 4 |  4.8
Fighting       | 1 |  1.8
Short Blades   | 2 3 |  3.0
Transmutations | 2 |  2.7
Conjurations   | 1 2 |  2.1

Action                   |  1- 3 |  4- 6 |  7- 9 || total
-------------------------+-------+-------+-------++-------
Melee: Dagger            |   139 |   330 |    11 ||   480
       Punch             |     2 |     3 |       ||     5
 Cast: Ensorcelled Hiber |     9 |    36 |     2 ||    47
       Confusing Touch   |       |     2 |     1 ||     3
 Stab: Sleeping          |    14 |    24 |     2 ||    40
       Distracted        |       |     2 |       ||     2
Armor: Robe              |    15 |    20 |     1 ||    36
Dodge: Dodged            |    73 |   174 |     1 ||   248

Table legend: (Time is in decaauts)
 A = Elapsed time spent in this place.
 B = Non-inter-level travel time spent in this place.
 C = Inter-level travel time spent in this place.
 D = Time resting spent in this place.
 E = Time spent auto-exploring this place.
 F = Levels seen in this place.
 G = Mean time per level.
                   A        B        C        D        E       F      G
               +--------+--------+--------+--------+--------+-----+--------+
         Total |   3197 |   3166 |     31 |    276 |   2066 |   4 |  799.2 |
       Dungeon |   3197 |   3166 |     31 |    276 |   2066 |   4 |  799.2 |
               +--------+--------+--------+--------+--------+-----+--------+

Top non-repeatable levels by time:
     D:2: 1150 daAuts
     D:4: 756 daAuts
     D:3: 745 daAuts
     D:1: 545 daAuts
